 Dungeon Crawl Stone Soup version 0.19-a0-1492-gce1cc90 (webtiles) character file.

7224 MrRokkomies the Grappler (level 10, -1/106 HPs)
             Began as a Troll Monk on Sept 7, 2016.
             Was a Priest of Nemelex Xobeh.
             Slain by a minotaur (2 damage)
             ... in a labyrinth on Sept 9, 2016.
             The game lasted 00:30:46 (7438 turns).

MrRokkomies the Grappler (Troll Monk)               Turns: 7438, Time: 00:30:47

Health: -1/106     AC:  9    Str: 26    XL:     10   Next: 88%
Magic:  14/14      EV: 11    Int:  6    God:    Nemelex Xobeh [***...]
Gold:   310        SH:  0    Dex: 15    Spells: 1 memorised, 8 levels left

rFire  . . .     SeeInvis .       - Unarmed
rCold  . . .     Gourm    +     l - +1 robe
rNeg   + . .     Faith    .     (no shield)
rPois  .         Spirit   .     (helmet restricted)
rElec  .         Dismiss  .     j - +2 cloak
rCorr  .         Reflect  .     (gloves unavailable)
MR     .....     Harm     .     (boots unavailable)
Stlth  +++.......               (no amulet)
                                y - ring of stealth
                                t - ring of positive energy

@: mighty
A: unfitting armour, claws 3, fast metabolism 3, gourmand, regeneration 1,
shaggy fur 1, tough skin 2
a: Triple Draw, Renounce Religion


You were in a labyrinth.
You worshipped Nemelex Xobeh.
Nemelex Xobeh was most pleased with you.
You were not hungry.

You visited 3 branches of the dungeon, and saw 11 of its levels.
You also visited: Labyrinth.

You collected 510 gold pieces.
You spent 200 gold pieces at shops.

Inventory:

Missiles
 c - 152 stones
 h - 18 poisoned needles
 v - 5 javelins (quivered)
 K - 3 tomahawks
 N - 3 large rocks
Armour
 j - a +2 cloak (worn)
 l - a +1 robe (worn)
 G - the +2 pair of boots of the Assassin {DetectMon Stab+ Stlth++}
   (You found it in a labyrinth)

   It makes you much more stealthy.
Jewellery
 t - a ring of positive energy (left claw)
 y - a ring of stealth (right claw)
Wands
 z - a wand of flame (21/48)
 D - a wand of random effects (22/48)
 F - a wand of flame (33/48)
 M - a wand of random effects (8/48)
Scrolls
 a - 2 scrolls of amnesia
 d - 3 scrolls of fear
 i - 2 scrolls of teleportation
 k - a scroll of recharging
 r - 2 scrolls of magic mapping
 A - a scroll of identify
 C - a scroll of remove curse
 H - 2 scrolls of immolation
 I - 2 scrolls of enchant weapon
Potions
 e - a potion of agility
 g - 2 potions of curing
 m - a potion of magic {unknown}
 n - a potion of might
 o - 2 potions of lignification
 p - a potion of cancellation
 q - 3 potions of heal wounds
 s - a potion of haste {unknown}
 u - 2 potions of brilliance {unknown}
 w - 3 potions of invisibility {unknown}
 x - 3 potions of mutation
Books
 J - a book of Beasts

   Spells                             Type                      Level
   a - Summon Butterflies             Summoning                    1
   b - Call Canine Familiar           Summoning                    3
   c - Summon Ice Beast               Ice/Summoning                4
   d - Summon Mana Viper              Hexes/Summoning              5
   e - Summon Hydra                   Summoning                    7
 L - a book of Maledictions

   Spells                             Type                      Level
   a - Corona                         Hexes                        1
   b - Ensorcelled Hibernation        Hexes/Ice                    2
   c - Confuse                        Hexes                        3
   d - Tukima's Dance                 Hexes                        3
   e - Dazzling Spray                 Conjuration/Hexes            3
Miscellaneous
 B - a plain deck of destruction {drawn: 1}
 E - a plain deck of escape {drawn: 1}
Comestibles
 b - 5 bread rations
 f - a meat ration


   Skills:
 * Level 8.6 Fighting
 - Level 5.5 Throwing
 - Level 2.4 Dodging
 - Level 1.1 Stealth
 - Level 10.0 Unarmed Combat
 * Level 6.8 Invocations


You had 8 spell levels left.
You knew the following spells:

 Your Spells              Type           Power        Failure   Level  Hunger
a - Summon Butterflies    Summ           #.......     52%         1    ##.....


Dungeon Overview and Level Annotations

Branches:
Dungeon (9/15)             Temple (1/1) D:6            Lair (1/6) D:8
    Orc: D:9-12

Altars:
Ashenzari
Cheibriados
Elyvilon
Fedhas
Gozag
Kikubaaqudgha
Makhleb
Nemelex Xobeh
Qazlal
Sif Muna
Trog
Uskayaw
Xom
Yredelemnul
Zin
The Shining One

Shops:
D:5 (}*


Innate Abilities, Weirdness & Mutations

You are too large for most types of armour.
You have claws for hands.
Your metabolism is lightning-fast.
You like to eat raw meat.
Your natural rate of healing is unusually fast.
You are covered in fur. (AC +1)
You have very tough skin. (AC +2)


Message History

You barely miss the minotaur.
The minotaur furiously retaliates!
The minotaur headbutts you! The minotaur barely misses you.
The minotaur gores you!
You mangle the minotaur!!
The minotaur is moderately wounded.
You mangle the minotaur!!
The minotaur is heavily wounded.
The minotaur hits you! The minotaur misses you.
You are too injured to fight recklessly!
You feel much better. The minotaur hits you! The minotaur gores you.
You scratch the minotaur.
The minotaur is heavily wounded.
The minotaur hits you! The minotaur gores you!
* * * LOW HITPOINT WARNING * * *
You feel very mighty all of a sudden. The minotaur hits you!!
* * * LOW HITPOINT WARNING * * *
The minotaur gores you.
You die...
Your body glows with a rainbow of weird colours and disappears.

# # #
.#####.#
#.#.H...#
# #@#
#.#.#
#.#.###
#...#
.###.###
#...#...#
###. ## #
#.. ..#.#
###.## .#


You could see a minotaur.

Vanquished Creatures
  Pikel (D:6)
  A cyclops (D:8)
  A gargoyle (Lab)
  Prince Ribbit (D:8)
  Grinder (D:5)
  The ghost of MrRokkomies the Ruffian, an amateur TrMo of Cheibriados (D:3)
  4 redbacks (Lab)
  A shadow (Lab)
  Eustachio (D:5)
  10 hungry ghosts (Lab)
  A water moccasin (Lair:1)
  A porcupine (Lair:1)
  An ice beast (D:6)
  A wasp (D:7)
  A swamp drake (D:8)
  A black bear (D:8)
  2 orc warriors
  Duvessa (D:6)
  A necrophage (D:6)
  A phantom (D:7)
  5 ogres
  5 centaurs
  A crocodile (Lair:1)
  Blork the orc (D:6)
  5 giant frogs
  Dowan (D:6)
  3 crimson imps
  2 giant frog zombies (D:8)
  3 hounds (D:5)
  6 orc wizards
  2 giant frog skeletons
  2 jellies
  3 orc priests
  Ijyb (D:2)
  3 iguanas
  4 worker ants
  A killer bee zombie (D:8)
  A hound skeleton (D:7)
  A gnoll (D:1)
  6 adders
  6 river rats (Lair:1)
  A shadow imp (D:8)
  An adder skeleton (D:5)
  2 adder zombies (D:8)
  2 worms
  3 dart slugs
  6 giant geckos
  17 orcs
  A ball python (D:6)
  6 bats
  5 giant cockroaches
  3 goblins
  6 hobgoblins (D:1)
  15 jackals
  3 quokkas
  A giant gecko skeleton (D:4)
  A giant gecko zombie (D:5)
  11 giant newts
  5 kobolds
  9 rats
  4 fungi (D:8)
197 creatures vanquished.

Vanquished Creatures (others)
  3 slaves (D:6)
  A jelly (D:6)
4 creatures vanquished.

Grand Total: 201 creatures vanquished

Notes
Turn   | Place    | Note
-------+----------+-------------------------------------------
     0 | D:1      | MrRokkomies the Troll Monk began the quest for the Orb.
     0 | D:1      | Reached XP level 1. HP: 22/22 MP: 0/0
   152 | D:1      | Reached XP level 2. HP: 26/29 MP: 1/1
   571 | D:1      | Reached XP level 3. HP: 36/37 MP: 2/2
   981 | D:2      | Noticed Ijyb
   990 | D:2      | Killed Ijyb
   990 | D:2      | Reached skill level 4 in Unarmed Combat
   990 | D:2      | Reached XP level 4. HP: 37/45 MP: 3/3
  1533 | D:3      | Noticed MrRokkomies's ghost (amateur TrMo)
  1543 | D:3      | Killed MrRokkomies's ghost
  1543 | D:3      | Reached skill level 5 in Unarmed Combat
  1543 | D:3      | Reached XP level 5. HP: 54/54 MP: 4/4
  2041 | D:3      | Reached XP level 6. HP: 63/63 MP: 5/5
  2050 | D:3      | Found a deep blue altar of Sif Muna.
  2470 | D:4      | Found a white marble altar of Elyvilon.
  2832 | D:4      | Found a white marble altar of Elyvilon.
  3074 | D:5      | Entered Level 5 of the Dungeon
  3075 | D:5      | Noticed Grinder
  3080 | D:5      | Reached skill level 5 in Fighting
  3080 | D:5      | Reached XP level 7. HP: 60/72 MP: 6/6
  3099 | D:5      | Found Uxtoq's Gadget Shoppe.
  3110 | D:5      | Reached skill level 6 in Unarmed Combat
  3126 | D:5      | Found Qaetathro's Weapon Boutique.
  3225 | D:5      | Noticed Eustachio
  3238 | D:5      | Killed Eustachio
  3324 | D:5      | Found Ruonku's Assorted Antiques.
  3327 | D:5      | Bought a runed agate ring for 100 gold pieces
  3524 | D:5      | Killed Grinder
  3524 | D:5      | Reached skill level 7 in Unarmed Combat
  3524 | D:5      | Reached XP level 8. HP: 77/83 MP: 7/7
  3590 | D:5      | Reached skill level 1 in Throwing
  3950 | D:6      | Noticed Duvessa
  3950 | D:6      | Noticed Dowan
  3964 | D:6      | Killed Duvessa
  3974 | D:6      | Killed Dowan
  4035 | D:6      | Reached skill level 8 in Unarmed Combat
  4087 | D:5      | Bought a runed copper ring for 100 gold pieces
  4136 | D:6      | Found a staircase to the Ecumenical Temple.
  4140 | Temple   | Entered the Ecumenical Temple
  4434 | D:6      | Noticed Blork the orc
  4482 | D:6      | Killed Blork the orc
  4501 | D:6      | Noticed Pikel
  4511 | D:6      | Killed Pikel
  4511 | D:6      | Reached XP level 9. HP: 89/89 MP: 8/8
  4625 | D:6      | Reached skill level 9 in Unarmed Combat
  4834 | D:6      | Found a sparkling altar of Nemelex Xobeh.
  4878 | D:6      | Reached skill level 5 in Throwing
  4919 | D:6      | Became a worshipper of Nemelex Xobeh the Trickster
  4919 | D:6      | Received a gift from Nemelex Xobeh
  4919 | D:6      | Reached * piety under Nemelex Xobeh
  4919 | D:6      | Received a gift from Nemelex Xobeh
  4919 | D:6      | Reached ** piety under Nemelex Xobeh
  5425 | D:7      | Reached skill level 1 in Invocations
  5547 | D:7      | Reached skill level 10 in Unarmed Combat
  5933 | D:8      | Found a staircase to the Lair.
  5980 | D:8      | Learned a level 1 spell: Summon Butterflies
  5999 | D:8      | Upgraded the game from 0.19-a0-1462-g5650605 to 0.19-a0-1492-gce1cc90
  6402 | D:8      | Noticed Prince Ribbit
  6413 | D:8      | Reached XP level 10. HP: 97/99 MP: 11/11
  6426 | D:8      | Killed Prince Ribbit
  6506 | D:8      | Noticed a cyclops
  6519 | D:8      | Killed a cyclops
  6783 | Lair:1   | Entered Level 1 of the Lair of Beasts
  6864 | Lair:1   | Found a labyrinth entrance.
  6873 | Lab      | Entered a labyrinth
  6965 | Lab      | Reached *** piety under Nemelex Xobeh
  6986 | Lab      | Reached skill level 5 in Invocations
  7060 | Lab      | Paralysed by fainting for 5 turns
  7191 | Lab      | Found an exit through the horrors of the Abyss.
  7234 | Lab      | Noticed a gargoyle
  7267 | Lab      | Killed a gargoyle
  7430 | Lab      | Noticed a minotaur
  7438 | Lab      | HP: 1/106 [minotaur (31)]
  7438 | Lab      | Slain by a minotaur

Vault maps used:
D:1:      dpeg_arrival_pond, minmay_tromino_mix6
D:2:      uniq_iyjb
D:3:      overflow_temple_1_default, first_bread
D:4:      elyvilon_altar_4, serial_column_ruins, column_ruins_temple_circle,
          column_ruins_hut, column_ruins_columns_straight,
          column_ruins_columns_straight, column_ruins_grid_1,
          column_ruins_columns_corner
D:5:      kennysheep_big_flooded_room, serial_shops, shop_fountains,
          nicolae_shop_behind_doors, kennysheep_mini_moat, uniq_grinder,
          uniq_eustachio
D:6:      lemuel_ice_spiral_2, nemelex_altar_shiori, uniq_duvessa,
          uniq_blork_the_orc, uniq_pikel
D:8:      dpeg_oklobed_lair, uniq_prince_ribbit1
D:9:      nicolae_overflow_hidden_temple, erik_orc_3, hangedman_fish_farm,
          led_sif_pool
Temple:   oiseaux_autumnal_temple
Lair:1:   lab_entry_generic
Lab:      nicolae_lab_plus, nicolae_lab_big_swirl, nicolae_lab_hexagon,
          nicolae_lab_blocks, nicolae_lab_grate_2, nicolae_lab_x, lab_block,
          nicolae_lab_do_over, nicolae_lab_garden, nicolae_lab_grate,
          nicolae_lab_quarters, labyrinth_fake_exit, nicolae_lab_swirl,
          nicolae_lab_starburst, lab_hedge, nicolae_lab_lava,
          labyrinth_skeletal_remains, nicolae_lab_statue, nicolae_lab_arrow,
          labyrinth_lava_lair, nicolae_lab_stuck, nicolae_lab_flowing_pool

Skill      XL: |  1  2  3  4  5  6  7  8  9 10 |
---------------+-------------------------------+-----
Fighting       | 3 4 5 6 8 |  8.6
Unarmed Combat | 4 5 7 8 10 | 10.0
Throwing       | 4 5 |  5.5
Invocations    | 3 6 |  6.8
Dodging        | |  2.4
Stealth        | |  1.1

Action                   |  1- 3 |  4- 6 |  7- 9 | 10-12 || total
-------------------------+-------+-------+-------+-------++-------
Melee: Unarmed           |    69 |   114 |   252 |   151 ||   586
       Punch             |       |     1 |    11 |     9 ||    21
Throw: Javelin           |       |       |    13 |    10 ||    23
       Stone             |       |       |       |     1 ||     1
Evoke: Deck              |       |       |     2 |       ||     2
  Use: Scroll            |       |    12 |     8 |     1 ||    21
       Potion            |       |     2 |     1 |     2 ||     5
 Stab: Sleeping          |     4 |     2 |     6 |     1 ||    13
       Distracted        |       |     1 |     1 |       ||     2
  Eat: Chunk             |     6 |    25 |    30 |     4 ||    65
       Meat ration       |       |       |       |     3 ||     3
       Bread ration      |       |       |       |     1 ||     1
       Royal jelly       |       |       |       |     1 ||     1
       Beef jerky        |       |       |       |     1 ||     1
Armor: Robe              |    24 |    35 |    69 |    49 ||   177
Dodge: Dodged            |    28 |    51 |   112 |    48 ||   239
